 Dungeon Sprint DCSS version 0.20.1-1-g8b1a95d (webtiles) character file.

4592 wojtek the Warrior (level 10, 0/105 HPs)
             Began as a Minotaur Berserker on Jan 2, 2018.
             Was a High Priest of Trog.
             Slain by a sphinx (1 damage)
             ... while paralysed by a sphinx
             ... in the Dungeon (Sprint II: "The Violet Keep of Menkaure").
             The game lasted 00:06:05 (1392 turns).

wojtek the Warrior (Minotaur Berserker)             Turns: 1392, Time: 00:06:05

Health: 0/105      AC: 20    Str: 26    XL:     10   Next: 18%
Magic:  9/9        EV:  2    Int:  4    God:    Trog [*****.]
Gold:   541        SH:  0    Dex: 13    Spells: 9/9 levels left

rFire    + + .     SeeInvis .   a - +0 mace
rCold    . . .     Gourm    .   (no shield)
rNeg     . . .     Faith    .   j - +4 plate armour "Hiazup" {rF+ Dex+4}
rPois    +         Spirit   .   (helmet restricted)
rElec    .         Reflect  .   (no cloak)
rCorr    .         Harm     .   (no gloves)
MR       .....     NoTele   +   (no boots)
Stlth    ..........             (no amulet)
Regen    0.3/turn               k - ring of Usmamur {rPois rF+}
MPRegen  0.2/turn               (no ring)

@: confused, paralysed, berserk cooldown, very slightly contaminated, slowed,
very slow
A: retaliatory headbutt, horns 2, poison resistance, MP-powered wands
a: Berserk, Trog's Hand, Brothers in Arms, Burn Spellbooks, Renounce Religion


You were in the Dungeon.
You worshipped Trog.
Trog was extremely pleased with you.
You were not hungry.

You visited 1 branch You collected 1441 gold pieces.
You spent 900 gold pieces at shops.

Inventory:

Hand Weapons
 a - a +0 mace (weapon)
Armour
 b - a +0 animal skin
 j - the +4 plate armour "Hiazup" (worn) {rF+ Dex+4}
   (You bought it in a shop in the Dungeon)

   It affects your dexterity (+4).
   It protects you from fire.
Jewellery
 k - the ring of Usmamur (left hand) {rPois rF+}
   (You bought it in a shop in the Dungeon)

   [ring of poison resistance]

   It protects you from fire.
   It protects you from poison.
Scrolls
 m - a scroll of recharging {unknown}
 n - 2 scrolls of identify {unknown}
 o - a scroll of remove curse {unknown}
 r - a scroll of enchant armour {unknown}
 u - 3 scrolls of amnesia {unknown}
 w - a scroll of immolation {unknown}
 y - a scroll of enchant weapon {unknown}
Potions
 d - a potion of curing
 f - a potion of haste
 g - 5 potions of magic
 h - a potion of berserk rage
 q - 3 potions of flight {unknown}
 s - 2 potions of agility {unknown}
 t - a potion of cancellation {unknown}
 v - a potion of degeneration {unknown}
 x - a potion of invisibility {unknown}
 z - 2 potions of might {unknown}
 A - 3 potions of resistance {unknown}
Comestibles
 c - a bread ration
 p - 2 meat rations


   Skills:
 + Level 15.0 Fighting
 + Level 14.9 Maces & Flails
 + Level 14.7 Armour
 + Level 11.2 Dodging


You had 9 spell levels left.
You didn't know any spells.

Dungeon Overview and Level Annotations

Branches:
Dungeon (1/1)

Altars:
Cheibriados
Dithmenos
Elyvilon
Fedhas
Gozag
Hepliaklqana
Kikubaaqudgha
Makhleb
Nemelex Xobeh
Okawaru
Qazlal
Ru
Sif Muna
Trog
Uskayaw
Vehumet
Xom
Yredelemnul
Zin
The Shining One
Beogh
Jiyva
Lugonu

Shops:
D =[:=}=}%[*(?:!*!

Annotations:
D exclusion: oklob plant


Innate Abilities, Weirdness & Mutations

You reflexively headbutt those who attack you in melee.
You have a pair of horns on your head.
Your system is resistant to poisons. (rPois)
You expend magic power (3 MP) to strengthen your wands.


Message History

The sphinx casts a spell.
You are more confused.
You bump into the translucent unnaturally hard rock wall.
The sphinx hits you!
* * * LOW HITPOINT WARNING * * *
The sphinx hits you but does no damage. The sphinx closely misses you.
You bump into the translucent unnaturally hard rock wall.
The sphinx casts a spell.
You suddenly lose the ability to move!
The sphinx hits you but does no damage. x3
The sphinx casts a spell.
You shrug off the repeated paralysis!
The sphinx mumbles some strange words.
You barely resist. The sphinx hits you.
* * * LOW HITPOINT WARNING * * *
The sphinx hits you but does no damage. x3; The sphinx barely misses you.
The sphinx hits you but does no damage. The sphinx hits you.
* * * LOW HITPOINT WARNING * * *
The sphinx hits you but does no damage. x2; The sphinx hits you.
You die...

#. #=|▓)......)▓▓ ##
+.####[§▓(.)(...[▓▓ .#
...####▓([...(..▓▓ .##
#..##.#▓.))....(▓▓ ..#
+..#.)#▓...(..[.▓▓ ..#
#..#..#▓..(..()[▓▓
..####..##.#▓....((.[▓▓
....###...##▓▓▓▓▓▓▓§▓▓▓▓+▓
......≈≈≈≈≈≈≈≈≈≈@H§...≈≈≈▓
§.....≈#+########H###.≈≈≈▓
≈≈≈§..≈#.._..._.#≈§≈##≈≈≈▓
≈≈§≈≈.≈#._._._..#§§§§####▓▓ ▓
§≈≈≈§§≈#_._._._.#§§§§§##..# $▓
§≈§§≈§≈#._._._._#§§§§≈§#.H#$.▓
≈≈≈≈≈§≈#.._._._.#≈§≈§§≈'H.'$$▓
≈≈###≈≈#..._._._#≈§§§§§#..#$.▓
§§ #§§#...._._.#§§≈§§≈▓§.#$$▓


You could see 2 sphinxes.

Vanquished Creatures
  A kraken (D)
  2 deep trolls (D)
  A yaktaur (D)
  3 polar bears (D)
  A hornet (D)
  2 hippogriffs (D)
  4 neqoxecs (D)
  4 crocodiles (D)
  4 worker ants (D)
  3 worms (D)
  2 tentacles (D)
27 creatures vanquished.

Vanquished Creatures (collateral kills)
  A tentacle (D)
1 creature vanquished.

Vanquished Creatures (others)
  Menkaure (D)
  A crocodile (D)
  15 tentacles (D)
17 creatures vanquished.

Grand Total: 45 creatures vanquished

Notes
Turn   | Place    | Note
-------+----------+-------------------------------------------
     0 | D        | wojtek the Minotaur Berserker began the quest for the Orb.
     0 | D        | Reached XP level 1. HP: 19/19 MP: 0/0
     1 | D        | Noticed a hippogriff
     1 | D        | Noticed a hippogriff
     6 | D        | Killed a hippogriff
     6 | D        | Reached skill level 8 in Fighting
     6 | D        | Reached XP level 2. HP: 20/36 MP: 1/1
     6 | D        | Reached XP level 3. HP: 22/41 MP: 2/2
     6 | D        | Reached XP level 4. HP: 27/49 MP: 3/3
     6 | D        | Reached XP level 5. HP: 31/56 MP: 4/4
     9 | D        | Killed a hippogriff
     9 | D        | Reached skill level 10 in Fighting
     9 | D        | Reached skill level 10 in Maces & Flails
     9 | D        | Reached XP level 6. HP: 29/66 MP: 5/5
    23 | D        | Killed Menkaure
   217 | D        | Noticed a neqoxec
   220 | D        | Noticed a neqoxec
   223 | D        | Killed a neqoxec
   223 | D        | Reached ** piety under Trog
   223 | D        | Reached skill level 10 in Armour
   224 | D        | Gained mutation: Your system is resistant to poisons. (rPois) [a neqoxec]
   225 | D        | Killed a neqoxec
   225 | D        | Reached skill level 11 in Fighting
   225 | D        | Reached XP level 7. HP: 72/74 MP: 6/6
   227 | D        | Noticed a neqoxec
   227 | D        | Noticed a neqoxec
   235 | D        | Gained mutation: You expend magic power (3 MP) to strengthen your wands. [a neqoxec]
   237 | D        | Killed a neqoxec
   237 | D        | Reached skill level 5 in Dodging
   241 | D        | Killed a neqoxec
   241 | D        | Reached *** piety under Trog
   514 | D        | Reached **** piety under Trog
   553 | D        | Found Nirchazxo's Distillery.
   553 | D        | Found Rutic's Assorted Antiques.
   553 | D        | Found Epicleoh's Magic Scroll Emporium.
   553 | D        | Found Maaclyso's Book Emporium.
   553 | D        | Found Icevaroa's Assorted Antiques.
   553 | D        | Found Ismey's Antique Weapon Shoppe.
   554 | D        | Found Cidiadot's Antique Armour Shoppe.
   554 | D        | Found Mounloha's Food Emporium.
   555 | D        | Found Uduassat's Gadget Shoppe.
   555 | D        | Found Lebiff's Distillery.
   555 | D        | Found Zulismem's Jewellery Emporium.
   555 | D        | Noticed a great orb of eyes
   564 | D        | Reached skill level 12 in Fighting
   564 | D        | Reached XP level 8. HP: 14/83 MP: 7/7
   864 | D        | Found Emuprouf's Gadget Shoppe.
   864 | D        | Found Nuypaum's Jewellery Emporium.
   864 | D        | Noticed an oklob plant
   865 | D        | Found Zumeuxergh's Antique Armour Shoppe.
   865 | D        | Found Cown's Jewellery Emporium.
   865 | D        | Found Kawugees's Book Shoppe.
   876 | D        | Bought a transparent plate armour for 560 gold pieces
   878 | D        | Bought the ring of Usmamur {rPois rF+} for 340 gold pieces
   893 | D        | Identified the +4 plate armour "Hiazup" {rF+ Dex+4} (You bought it in a shop in the Dungeon)
   920 | D        | Found a roughly hewn altar of Beogh.
   921 | D        | Found a hazy altar of Hepliaklqana.
   921 | D        | Found a snail-covered altar of Cheibriados.
   922 | D        | Found a stormy altar of Qazlal.
   922 | D        | Found a viscous altar of Jiyva.
   922 | D        | Found a shadowy altar of Dithmenos.
   923 | D        | Found a sacrificial altar of Ru.
   923 | D        | Found an ancient bone altar of Kikubaaqudgha.
   923 | D        | Found a white marble altar of Elyvilon.
   924 | D        | Found a deep blue altar of Sif Muna.
   924 | D        | Found a corrupted altar of Lugonu.
   924 | D        | Found a blossoming altar of Fedhas.
   925 | D        | Found a shimmering altar of Xom.
   925 | D        | Found a bloodstained altar of Trog.
   925 | D        | Found a burning altar of Makhleb.
   926 | D        | Found a glowing golden altar of the Shining One.
   926 | D        | Found a basalt altar of Yredelemnul.
   926 | D        | Found a hide-covered altar of Uskayaw.
   927 | D        | Found a glowing silver altar of Zin.
   928 | D        | Noticed a yaktaur
   928 | D        | Noticed a hornet
   928 | D        | Noticed a polar bear
   929 | D        | Noticed a polar bear
   934 | D        | Killed a polar bear
   934 | D        | Reached ***** piety under Trog
   935 | D        | Noticed a polar bear
   936 | D        | Killed a polar bear
   941 | D        | Killed a polar bear
   944 | D        | Killed a hornet
   944 | D        | Reached skill level 13 in Fighting
   950 | D        | Killed a yaktaur
   950 | D        | Reached XP level 9. HP: 93/93 MP: 8/8
   984 | D        | Found a radiant altar of Vehumet.
   990 | D        | Noticed a kraken
  1053 | D        | Killed a kraken
  1053 | D        | Reached skill level 14 in Fighting
  1053 | D        | Reached skill level 10 in Dodging
  1243 | D        | Found a sparkling altar of Nemelex Xobeh.
  1244 | D        | Found an iron altar of Okawaru.
  1244 | D        | Found an opulent altar of Gozag.
  1290 | D        | Noticed a deep troll
  1291 | D        | Noticed a deep troll
  1297 | D        | Killed a deep troll
  1297 | D        | Reached XP level 10. HP: 104/104 MP: 9/9
  1304 | D        | Killed a deep troll
  1304 | D        | Reached skill level 15 in Fighting
  1361 | D        | Noticed a sphinx
  1361 | D        | Noticed a sphinx
  1361 | D        | Paralysed by a sphinx for 4 turns
  1376 | D        | HP: 2/105 [sphinx (9)]
  1384 | D        | HP: 2/105 [sphinx/divine providence (11)]
  1390 | D        | Paralysed by a sphinx for 7 turns
  1391 | D        | HP: 4/105 [sphinx (4)]
  1392 | D        | HP: 1/105 [sphinx (3)]
  1392 | D        | Slain by a sphinx

Skill      XL: |  1  2  3  4  5  6  7  8  9 10 |
---------------+-------------------------------+-----
Fighting       | 8 10 11 12 13 14 15 | 15.0
Maces & Flails | 8 10 11 13 14 | 14.9
Armour         | 7 9 10 11 13 14 | 14.7
Dodging        | 4 6 8 10 11 | 11.2

Action                   |  1- 3 |  4- 6 |  7- 9 | 10-12 || total
-------------------------+-------+-------+-------+-------++-------
Melee: Mace              |     4 |     9 |   103 |    13 ||   129
       Headbutt          |     2 |     5 |    26 |     5 ||    38
Invok: Berserk           |     1 |     1 |     3 |     1 ||     6
       Brothers in Arms  |       |       |     2 |     1 ||     3
  Use: Potion            |       |       |       |     3 ||     3
       Scroll            |       |       |       |     1 ||     1
  Eat: Chunk             |       |       |     5 |       ||     5
       Meat ration       |       |       |       |     1 ||     1
Armor: Animal skin       |       |       |     3 |       ||     3
       Plate armour      |       |       |    25 |    44 ||    69
Dodge: Dodged            |     2 |     3 |    50 |    26 ||    81
